 Dungeon Crawl Stone Soup version 0.24-a0-584-g9d6b971ae4 (webtiles) character file.

Game seed: 6328048493123136876, levelgen mode: deterministic

206017 MordorOrchid the Unseen (level 18, -2/124 HPs)
             Began as an Octopode Assassin on Aug 29, 2019.
             Was an Initiate of Gozag.
             Slain by an Ice Fiend (6 damage)
             ... in an ice cave on Aug 30, 2019.
             The game lasted 05:08:16 (35619 turns).

MordorOrchid the Unseen (Octopode Assassin)        Turns: 35619, Time: 05:08:17

Health: -2/124     AC:  4    Str: 19    XL:     18   Next: 70%
Magic:  0/51       EV: 20    Int: 20    God:    Gozag
Gold:   2625       SH:  8    Dex: 12    Spells: 5/39 levels left

rFire    + . .     SeeInvis +   a - +6 short sword (elec)
rCold    + + .     Gourm    .   A - +3 buckler {AC+3}
rNeg     . . .     Faith    .   (helmet restricted)
rPois    .         Spirit   +   r - amulet "Xyokh" {Spirit rC+}
rElec    +         Reflect  .   h - ring of magical power
rCorr    .         Harm     .   o - ring of magical power
MR       ++++.                  E - +4 ring of strength
Stlth    +++++++...             y - ring "Xosmeixe" {rElec rC+ Str+4 SInv}
HPRegen  0.30/turn              K - +3 ring of dexterity
MPRegen  0.32/turn              (no ring)
                                B - ring "Eroyreon" {+Fly rF+ MR++ Dex-3 SInv}
                                U - ring of protection from magic

@: gold aura, very slightly contaminated
A: almost no armour, stealthy swim, amphibious, 8 rings, constrict 8, camouflage
1, clumsy 1, gelatinous body 1
}: 1/15 runes: barnacled
a: Potion Petition, Call Merchant, Bribe Branch, Renounce Religion, Evoke Flight


You were in an ice cave.
You worshipped Gozag.
Gozag was most pleased with you.
You were not hungry.

You visited 7 branches of the dungeon, and saw 32 of its levels.
You visited 2 bazaars.
You also visited: Gauntlet and Ice Cave.

You collected 12174 gold pieces.
You spent 8965 gold pieces at shops.
You paid 584 gold pieces to Gozag.

Inventory:

Hand Weapons
 a - a +6 short sword of electrocution (weapon)
 u - a +5 vampiric rapier
Missiles
 s - 85 boomerangs (quivered)
 G - 85 javelins
 V - 7 throwing nets
 Y - 7 curare-tipped darts
 Z - 10 atropa-tipped darts
Armour
 A - a +3 buckler of protection (worn)
Magical Staves
 x - an uncursed staff of energy
 z - an uncursed staff of wizardry
 P - an uncursed staff of poison
Jewellery
 h - a ring of magical power (left tentacle)
 o - a ring of magical power (right tentacle)
 q - the ring of Fukef {+Inv Str+2 Int-3 Dex+3}
   (You bought it in a shop on level 4 of the Shoals)

   [ring of strength]

   It affects your strength (+2).
   It affects your intelligence (-3).
   It affects your dexterity (+3).
   It lets you turn invisible.
 r - the amulet "Xyokh" (around mantle) {Spirit rC+}
   (You found it on level 11 of the Dungeon)

   [amulet of guardian spirit]

   It causes incoming damage to be split between your health and magic.
   It protects you from cold.
 y - the ring "Xosmeixe" (on tentacle) {rElec rC+ Str+4 SInv}
   (You bought it in a shop on level 4 of the Shoals)

   [ring of see invisible]

   It affects your strength (+4).
   It protects you from cold.
   It insulates you from electricity.
   It lets you see invisible.
 B - the ring "Eroyreon" (on tentacle) {+Fly rF+ MR++ Dex-3 SInv}
   (You found it on level 3 of the Lair of Beasts)

   [ring of flight]

   It affects your dexterity (-3).
   It protects you from fire.
   It affects your resistance to hostile enchantments.
   It lets you see invisible.
   It lets you fly.
 C - an uncursed ring of fire
 E - a +4 ring of strength (on tentacle)
 K - a +3 ring of dexterity (on tentacle)
 L - an uncursed amulet of rage
 U - a ring of protection from magic (on tentacle)
Wands
 f - a wand of enslavement (17)
 k - a wand of clouds (5)
 l - a wand of iceblast (34)
 n - a wand of paralysis (20)
 t - a wand of acid (14)
 I - a wand of polymorph (12)
 X - a wand of digging (4)
Scrolls
 b - 6 scrolls of blinking
 e - 6 scrolls of immolation
 g - 8 scrolls of identify
 p - 4 scrolls of fear
 v - a scroll of amnesia
 D - 5 scrolls of fog
 M - 8 scrolls of teleportation
Potions
 i - a potion of agility
 w - 7 potions of curing
 H - 4 potions of brilliance
 J - 3 potions of haste
 N - a potion of magic
 O - 3 potions of might
 R - 3 potions of heal wounds
 W - a potion of resistance
Miscellaneous
 c - a lamp of fire
 j - a lightning rod (4/4)
 m - a box of beasts
 Q - 4 phantom mirrors
 T - a sack of spiders
Comestibles
 d - 7 rations


   Skills:
 - Level 11.4 Fighting
 - Level 8.1 Short Blades
 - Level 6.3 Throwing
 - Level 12.1 Dodging
 - Level 15.3 Stealth
 - Level 6.3 Shields
 - Level 11.3 Spellcasting
 - Level 8.0 Conjurations
 - Level 8.3 Hexes
 - Level 6.0 Summonings
 - Level 3.0 Translocations
 - Level 8.0 Transmutations
 * Level 9.4 Ice Magic
 - Level 5.0 Air Magic
 - Level 10.0 Earth Magic
 - Level 2.2 Poison Magic
 - Level 7.0 Evocations


You had 5 spell levels left.
You knew the following spells:

 Your Spells              Type           Power        Failure   Level  Hunger
a - Confusing Touch       Hex            #####.       1%          1    None
c - Confuse               Hex            #####...     1%          3    None
d - Petrify               Tmut/Erth      #####...     1%          4    ##.....
e - Tukima's Dance        Hex            #####...     1%          3    None
f - Conjure Flame         Conj/Fire      ####....     3%          3    None
g - Mephitic Cloud        Conj/Pois/Air  ####....     2%          3    None
j - Summon Lightning Spi  Summ/Air       ####....     6%          4    ##.....
l - Freezing Cloud        Conj/Ice/Air   #####.....   41%         6    ######.
r - Irradiate             Conj/Tmut      #####.....   6%          5    ####...
x - Blink                 Tloc           N/A          2%          2    None

Your spell library contained the following spells:

 Spells                   Type           Power        Failure   Level  Hunger
 Corona                   Hex            #####..      1%          1    None
 Magic Dart               Conj           ####         1%          1    None
 Summon Butterflies       Summ           #####...     1%          1    None
 Summon Small Mammal      Summ           ####         1%          1    None
 Call Imp                 Summ           #####...     1%          2    None
 Ensorcelled Hibernation  Hex/Ice        #####.       1%          2    None
 Poisonous Vapours        Pois/Air       ####..       1%          2    None
 Slow                     Hex            #####...     1%          2    None
 Throw Frost              Conj/Ice       #####.       1%          2    None
 Call Canine Familiar     Summ           #####...     1%          3    None
 Dazzling Spray           Conj/Hex       #####.       1%          3    None
 Summon Guardian Golem    Hex/Summ       #####...     1%          3    None
 Ice Form                 Ice/Tmut       #####...     1%          4    ##.....
 Throw Icicle             Conj/Ice       #####...     1%          4    ##.....
 Summon Ice Beast         Ice/Summ       #####...     2%          4    ##.....
 Recall                   Summ/Tloc      N/A          3%          3    None
 Metabolic Englaciation   Hex/Ice        #####.....   4%          5    ####...
 Gell's Gravitas          Tloc           ###.......   5%          3    None
 Yara's Violent Unravell  Hex/Tmut       #####.....   6%          5    ####...
 Aura of Abjuration       Summ           #####.....   14%         5    ####...
 Summon Demon             Summ           #####.....   14%         5    ####...
 Ozocubu's Refrigeration  Ice            #####.....   19%         6    ######.
 Statue Form              Tmut/Erth      #####....    24%         6    ######.
 Bolt of Cold             Conj/Ice       #####.....   26%         6    ######.
 Hydra Form               Tmut           #####.....   34%         6    ######.
 Simulacrum               Ice/Necr       ####......   80%         6    ######.
 Dragon Form              Tmut           #####.....   89%         7    #######
 Ring of Flames           Chrm/Fire      ##........   100%        7    #######


Dungeon Overview and Level Annotations

Branches:
Dungeon (15/15)            Temple (1/1) D:4            Lair (6/6) D:10
 Shoals (4/4) Lair:2        Snake (2/4) Lair:3        Slime (0/5) Lair:5
    Orc (2/2) D:9             Elf (2/3) Orc:2        Vaults (0/5) D:14
 Depths (0/5) D:15          IceCv (1/1)             Gauntlet (visited)

Altars:
Ashenzari
Cheibriados
Dithmenos
Elyvilon
Fedhas
Gozag
Hepliaklqana
Kikubaaqudgha
Makhleb
Nemelex Xobeh
Okawaru
Qazlal
Ru
Sif Muna
Trog
Uskayaw
Vehumet
Wu Jian
Xom
Yredelemnul
Zin
The Shining One
Beogh

Shops:
D:4 }   D:7 [   D:11 ?   Orc:2 **(   Shoals:4 =

Annotations:
D:7 3 runed translucent doors, DavidChitty2's ghost, legendary MiFi
D:10 exclusion: 2 doors
D:14 3 runed translucent doors, exclusion: orange crystal statue, Frances
D:15 1 runed translucent door, Picuhut's ghost, journeyman GrFi
Snake:1 Aizul
Elf:2 3 runed translucent doors


Innate Abilities, Weirdness & Mutations

You cannot wear most types of armour.
You are very stealthy in the water. (Stealth+)
You are amphibious.
You can wear up to eight rings at the same time.
You can use your tentacles to constrict eight enemies at once.
Your skin changes colour to match your surroundings (Stealth+).
Your rubbery body absorbs attacks. (AC +1, EV +1)
You are clumsy. (Dex -2)


Message History

The acid corrodes the Ice Fiend!
The Ice Fiend is lightly wounded.
The Ice Fiend calls on the powers of darkness!
Your body is wracked with pain!
* * * LOW HITPOINT WARNING * * *
Evoke which item? (* to show all) (? for menu, Esc to quit)
Aiming: Corrosive Bolt
Press: ? - help, Shift-Dir - straight line, f/p - Ice Fiend
Aim: an Ice Fiend (lightly wounded, covered in acid)
The bolt of acid hits the Ice Fiend!!
The Ice Fiend is splashed with acid.
The Ice Fiend is moderately wounded.
The Ice Fiend claws you!
* * * LOW HITPOINT WARNING * * *
The Ice Fiend freezes you! You resist.
* * * LOW HITPOINT WARNING * * *
The Ice Fiend claws you!
* * * LOW HITPOINT WARNING * * *
The Ice Fiend freezes you! You resist.
You die...
Your body crumbles into a pile of gold.

### ####$####
#...^...#
#.##'##.#
#.#?@[#.#
#.#[1)#.#
##.#)?[#.##
####8.#####.8####
#...............#
#'######'######'#
#.#.'.......'.#.#
#.###.8...8.###.#
#.#.'.......'.#.#


You could see an Ice Fiend.

Vanquished Creatures
  Jorgrun (Shoals:2)
  Polyphemus (Shoals:2)
  Kirke (D:12)
  2 krakens
  Agnes (Snake:1)
  Ilsuiw (Shoals:4)
  Louise (Snake:1)
  The ghost of Atipeat the Brawler, a journeyman TrMo of Ru (Lair:3)
  The ghost of swagumen the Grappler, a journeyman TrMo of Jiyva (Orc:2)
  A deep elf demonologist (Elf:1)
  Azrael (D:13)
  A minotaur (Gauntlet)
  Snorg (D:13)
  10 merfolk javelineers (Shoals:4)
  Josephine (Orc:2)
  A yaktaur captain (D:15)
  Fannar (D:10)
  2 vault guards (D:13)
  5 merfolk impalers
  17 hydras
  Erolcha (Orc:2)
  5 naga warriors
  2 merfolk avatars
  Erica (D:11)
  An alligator snapping turtle (Shoals:4)
  3 catoblepae
  5 centaur warriors
  2 merfolk aquamancers
  A tengu warrior (Shoals:2)
  A satyr (Shoals:4)
  5 death yaks
  A death scarab (Gauntlet)
  2 naga sharpshooters
  2 two-headed ogres
  Nergalle (D:10)
  3 deep elf knights (Elf:1)
  Sonja (Lair:1)
  A death drake (Gauntlet)
  An unseen horror (D:13)
  A naga ritualist (Snake:1)
  3 wizards
  4 mana vipers (Snake:1)
  10 sea snakes
  A lindwurm (Lair:6)
  5 deep elf archers
  2 necromancers (D:14)
  17 harpies
  A wolf spider zombie (Gauntlet)
  9 ugly things
  2 orc sorcerers
  5 orc knights (Orc:2)
  12 cyclopes
  14 manticores
  8 fauns
  3 salamanders
  22 deep elf magi
  2 elephants
  2 moths of wrath (Lair:3)
  10 black mambas
  4 centaur zombies
  Maurice (D:11)
  13 merfolk sirens
  8 water nymphs
  2 naga magi
  5 torpor snails (Lair:6)
  4 ice statues
  21 spiny frogs
  9 rime drakes
  6 komodo dragons
  An efreet (D:11)
  11 ice devils (IceCv)
  A golden dragon simulacrum (IceCv)
  4 yaktaurs
  3 anaconda simulacra (IceCv)
  The ghost of demivan the Cleaver, an amateur HOMo of Beogh (D:6)
  30 merfolk
  A tengu conjurer (Shoals:2)
  6 trolls
  A hornet (D:11)
  4 wind drakes
  A harpy skeleton (D:15)
  Prince Ribbit (D:6)
  9 slime creatures
  10 dream sheep
  A blink frog (shapeshifter) (D:12)
  30 blink frogs
  13 hippogriffs
  7 snapping turtles
  A spectral black mamba (Gauntlet)
  3 vampires
  An air elemental (Elf:1)
  3 wyverns
  4 wraiths
  A shadow (D:15)
  59 yaks
  4 water elementals
  A golden eye (D:10)
  18 humans (D:14)
  5 hogs (D:12)
  A steam dragon (Lair:5)
  7 basilisks
  A fire elemental (D:13)
  3 vampire mosquitoes (D:15)
  4 wargs
  Menkaure (D:4)
  Edmund (D:4)
  2 harpy simulacra (IceCv)
  4 nagas
  An iron troll simulacrum (IceCv)
  3 hell hounds (D:13)
  A hydra simulacrum (IceCv)
  21 water moccasins
  2 swamp drakes
  27 orc warriors
  5 porcupines
  2 eyes of draining
  A phantom (D:9)
  5 ice beasts
  2 black bears
  An ettin simulacrum (IceCv)
  4 sky beasts
  6 ogres
  16 centaurs
  A necrophage (D:7)
  5 wolves
  9 crocodiles
  4 big kobolds
  A wyvern zombie (D:11)
  15 bullfrogs
  A gnoll sergeant (Orc:1)
  A water moccasin zombie (D:2)
  A wyvern skeleton (D:7)
  4 scorpions
  12 killer bees
  3 wights (D:6)
  4 howler monkeys
  3 electric eels
  10 crimson imps
  A quasit (D:10)
  A lava snake (Lair:2)
  A bullfrog zombie (D:13)
  7 hounds
  6 jellies
  3 bullfrog skeletons
  12 orc priests
  4 centaur skeletons
  25 orc wizards
  Crazy Yiuf (D:4)
  8 worker ants
  Natasha (thrice) (D:3)
  3 iguanas
  A killer bee zombie (D:5)
  A hound zombie (D:9)
  2 hound skeletons
  2 worker ant zombies
  9 gnolls
  2 howler monkey skeletons
  32 adders
  3 shadow imps
  3 oozes
  2 adder skeletons
  4 dart slugs
  3 worms
  7 leopard geckos
  101 orcs
  2 bats
  6 giant cockroaches
  7 goblins
  14 hobgoblins
  6 jackals
  6 quokkas
  4 ball pythons
  4 frilled lizards (D:1)
  17 kobolds
  2 leopard gecko zombies
  11 rats
1052 creatures vanquished.

Vanquished Creatures (collateral kills)
  A dancing weapon (Orc:2)
  A merfolk aquamancer (Shoals:4)
  2 deep elf knights (Elf:1)
  2 deep elf magi (Elf:1)
  A black mamba (Snake:1)
  2 ice devils (IceCv)
  A dream sheep (Shoals:2)
  A naga (Snake:1)
  A hydra simulacrum (IceCv)
  2 orc warriors (Orc:2)
  A centaur (Orc:2)
15 creatures vanquished.

Vanquished Creatures (others)
  A centaur warrior (D:15)
  4 dancing weapons
  A manticore (Shoals:2)
  An ugly thing (D:15)
  A black mamba (Lair:6)
  A cyclops (Shoals:3)
  A wind drake (Shoals:4)
  An orc warrior (Orc:2)
  A centaur (Orc:2)
  7 fungi
  14 plants
  49 tentacles
  14 withered plants (Gauntlet)
96 creatures vanquished.

Grand Total: 1163 creatures vanquished

Notes
Turn   | Place    | Note
-------+----------+-------------------------------------------
     0 | D:1      | MordorOrchid the Octopode Assassin began the quest for the
                  | Orb.
     0 | D:1      | Reached XP level 1. HP: 14/14 MP: 1/1
    88 | D:1      | Reached XP level 2. HP: 19/19 MP: 2/2
   320 | D:1      | Reached skill level 6 in Stealth
   346 | D:1      | Reached XP level 3. HP: 24/24 MP: 3/3
   665 | D:2      | Found a burning altar of Makhleb.
   910 | D:2      | Reached XP level 4. HP: 30/30 MP: 4/4
   992 | D:2      | Reached XP level 5. HP: 27/36 MP: 5/5
  1692 | D:3      | Reached XP level 6. HP: 27/42 MP: 6/6
  1834 | D:3      | Found a bloodstained altar of Trog.
  2009 | D:3      | Noticed Natasha
  2048 | D:3      | Killed Natasha
  2170 | D:3      | Noticed Natasha
  2194 | D:3      | Killed Natasha
  2204 | D:3      | Noticed Natasha
  2219 | D:3      | Killed Natasha
  2651 | D:4      | Found a staircase to the Ecumenical Temple.
  2669 | Temple   | Entered the Ecumenical Temple
  2736 | Temple   | Became a worshipper of Gozag Ym Sagoz the Greedy
  2803 | D:4      | Noticed a sky beast
  2825 | D:4      | Killed a sky beast
  2876 | D:4      | Reached skill level 5 in Short Blades
  2876 | D:4      | Reached XP level 7. HP: 36/47 MP: 7/7
  3237 | D:4      | Found Harghi's Gadget Boutique.
  3327 | D:4      | Noticed Edmund
  3344 | D:4      | Killed Edmund
  3398 | D:4      | Found a bloodstained altar of Trog.
  3410 | D:4      | Noticed Menkaure
  3413 | D:4      | Killed Menkaure
  3413 | D:4      | Reached skill level 7 in Stealth
  3413 | D:4      | Reached XP level 8. HP: 42/54 MP: 8/8
  3511 | D:4      | Found a runed translucent door.
  3512 | D:4      | Noticed Crazy Yiuf
  3519 | D:4      | Killed Crazy Yiuf
  3553 | D:5      | Entered Level 5 of the Dungeon
  3553 | D:5      | Found an iron altar of Okawaru.
  3666 | D:5      | Found a shadowy altar of Dithmenos.
  3666 | D:5      | Found an ancient bone altar of Kikubaaqudgha.
  3920 | D:5      | You fall into a shaft and drop 1 floor!
  3925 | D:6      | Noticed Prince Ribbit
  4206 | D:6      | Reached skill level 5 in Throwing
  4227 | D:6      | Reached skill level 8 in Stealth
  4227 | D:6      | Reached skill level 1 in Evocations
  4345 | D:6      | Found a runed translucent gate.
  4346 | D:6      | Found a runed translucent gate.
  4346 | D:6      | Found an opulent altar of Gozag.
  4347 | D:6      | Found a runed translucent gate.
  4353 | D:6      | Noticed demivan's ghost (amateur HOMo)
  4454 | D:6      | Reached skill level 5 in Fighting
  4467 | D:6      | Reached XP level 9. HP: 56/61 MP: 10/10
  4671 | D:6      | Killed Prince Ribbit
  4771 | D:6      | Killed demivan's ghost
  4771 | D:6      | Reached skill level 5 in Dodging
  4771 | D:6      | Reached skill level 9 in Stealth
  5328 | D:4      | Bought a lamp of fire for 520 gold pieces
  5982 | D:7      | Found Extapac's Antique Armour Shoppe.
  5992 | D:7      | Bought a glowing buckler for 210 gold pieces
  6319 | D:7      | Found a runed translucent gate.
  6319 | D:7      | Noticed DavidChitty2's ghost (legendary MiFi)
  6320 | D:7      | Found a runed translucent gate.
  6321 | D:7      | Found a runed translucent gate.
  6321 | D:7      | Found a roughly hewn altar of Beogh.
  6323 | D:7      | Identified the +8 dire flail of Gemig {crush, Str+2}
  6323 | D:7      | Identified the +5 chain mail of Context {rF+ Int-3 Dex+4
                  | Slay+5}
  6767 | D:8      | Reached skill level 10 in Stealth
  6922 | D:8      | Reached skill level 1 in Shields
  6975 | D:8      | Reached XP level 10. HP: 69/69 MP: 13/13
  7799 | D:9      | Reached skill level 5 in Evocations
  7895 | D:9      | Found a shattered altar of Ashenzari.
  7897 | D:9      | Found a staircase to the Orcish Mines.
  8307 | D:9      | Found a white marble altar of Elyvilon.
  8609 | D:10     | Entered Level 10 of the Dungeon
  8612 | D:10     | Reached skill level 11 in Stealth
  8612 | D:10     | Reached XP level 11. HP: 77/77 MP: 15/15
  9178 | D:10     | Noticed Fannar
  9192 | D:10     | Killed Fannar
  9228 | D:10     | Noticed a centaur warrior
  9266 | D:10     | Noticed a centaur warrior
  9291 | D:10     | Killed a centaur warrior
  9337 | D:10     | Found the +27 Lear's hauberk
  9380 | D:10     | Killed a centaur warrior
  9380 | D:10     | Reached skill level 10 in Dodging
  9380 | D:10     | Reached skill level 12 in Stealth
  9656 | Orc:1    | Entered Level 1 of the Orcish Mines
  9945 | Orc:2    | Entered Level 2 of the Orcish Mines
  9945 | Orc:2    | Found a staircase to the Elven Halls.
  9948 | Orc:2    | Noticed an orc knight
 10357 | D:10     | Found a staircase to the Lair.
 10477 | D:10     | Reached XP level 12. HP: 85/85 MP: 17/17
 10936 | D:11     | Paralysed by a hornet for 2 turns
 10992 | D:11     | Noticed a frost giant
 10992 | D:11     | Noticed a catoblepas
 10997 | D:11     | Noticed Erica
 11178 | D:11     | Learned a level 1 spell: Confusing Touch
 11461 | D:11     | Found Yptire's Magic Scroll Shop.
 11461 | D:11     | Noticed a centaur warrior
 11505 | D:9      | Learned a level 4 spell: Petrify
 11646 | Lair:1   | Entered Level 1 of the Lair of Beasts
 11646 | Lair:1   | Noticed Nergalle
 11671 | D:10     | Reached skill level 1 in Spellcasting
 11671 | D:10     | Reached skill level 1 in Hexes
 11745 | D:10     | Killed Nergalle
 12165 | Lair:1   | Noticed Sonja
 12189 | Lair:1   | Killed Sonja
 12189 | Lair:1   | Reached skill level 1 in Transmutations
 12189 | Lair:1   | Reached skill level 1 in Earth Magic
 12915 | Lair:2   | Noticed a six-headed hydra
 13377 | Lair:2   | Killed a six-headed hydra
 13377 | Lair:2   | Reached XP level 13. HP: 44/90 MP: 19/19
 13451 | Lair:2   | Reached skill level 5 in Transmutations
 13473 | Lair:2   | Found a staircase to the Shoals.
 13533 | Lair:2   | Reached skill level 5 in Earth Magic
 13584 | Lair:2   | Learned a level 3 spell: Confuse
 13732 | Lair:3   | Found a transporter.
 13733 | Lair:3   | Noticed Atipeat's ghost (journeyman TrMo)
 14201 | Lair:3   | Found a transporter.
 14221 | Lair:3   | Found a staircase to the Snake Pit.
 14352 | Lair:4   | Learned a level 5 spell: Irradiate
 14701 | Lair:4   | Reached skill level 1 in Conjurations
 14740 | Lair:4   | Reached skill level 5 in Spellcasting
 14764 | Lair:4   | Reached skill level 5 in Hexes
 15287 | Lair:4   | Identified a scroll of acquirement
 16255 | Lair:5   | Found a staircase to the Slime Pits.
 16490 | Lair:5   | Reached XP level 14. HP: 97/97 MP: 25/25
 16541 | Lair:6   | Entered Level 6 of the Lair of Beasts
 16758 | Lair:6   | Found a snail-covered altar of Cheibriados.
 18634 | Lair:6   | Reached skill level 5 in Conjurations
 18928 | Lair:3   | Killed Atipeat's ghost
 18935 | Lair:3   | Reached skill level 10 in Fighting
 18965 | Lair:3   | Got a translucent granite ring
 19082 | Lair:1   | Identified the ring "Eroyreon" {+Fly rF+ MR++ Dex-3 SInv}
                  | (You found it on level 3 of the Lair of Beasts)
 19241 | Orc:2    | Noticed Josephine
 19259 | Orc:2    | Killed Josephine
 19259 | Orc:2    | Reached XP level 15. HP: 85/103 MP: 27/27
 19990 | Orc:2    | Found a runed translucent door.
 19991 | Orc:2    | Found a shimmering altar of Xom.
 19991 | Orc:2    | Noticed swagumen's ghost (journeyman TrMo)
 20048 | Orc:2    | Noticed Erolcha
 20065 | Orc:2    | Killed Erolcha
 20787 | Orc:2    | Found Woicaidd's General Store.
 20787 | Orc:2    | Found Cekheism's Assorted Antiques.
 20787 | Orc:2    | Found Hublim's Antique Weapon Shop.
 20791 | Orc:2    | Found Cengonn's Magic Scroll Emporium.
 20904 | Orc:2    | Found Podecaock's Food Shoppe.
 20943 | Orc:2    | Bought a scroll of teleportation for 42 gold pieces
 20943 | Orc:2    | Bought a scroll of teleportation for 42 gold pieces
 20943 | Orc:2    | Bought a scroll of blinking for 105 gold pieces
 20943 | Orc:2    | Bought a scroll of identify for 28 gold pieces
 20943 | Orc:2    | Bought a scroll of identify for 28 gold pieces
 20943 | Orc:2    | Bought a scroll of immolation for 49 gold pieces
 20943 | Orc:2    | Bought a scroll of fog for 28 gold pieces
 20945 | Orc:2    | Bought a potion of curing for 36 gold pieces
 20946 | Orc:2    | Bought a wooden wand for 132 gold pieces
 20948 | Orc:2    | Bought a glowing short sword for 186 gold pieces
 20952 | Orc:2    | Bought a wand of acid (7) for 264 gold pieces
 20952 | Orc:2    | Bought a wand of iceblast (14) for 216 gold pieces
 20952 | Orc:2    | Bought a sack of spiders for 240 gold pieces
 20952 | Orc:2    | Bought a potion of agility for 48 gold pieces
 21008 | Orc:2    | Killed swagumen's ghost
 21046 | Orc:2    | Bought a ration for 60 gold pieces
 21046 | Orc:2    | Bought a ration for 60 gold pieces
 21046 | Orc:2    | Bought a ration for 60 gold pieces
 21046 | Orc:2    | Bought a ration for 60 gold pieces
 21046 | Orc:2    | Bought a ration for 60 gold pieces
 21046 | Orc:2    | Bought a ration for 60 gold pieces
 21046 | Orc:2    | Bought a ration for 60 gold pieces
 21046 | Orc:2    | Bought a ration for 60 gold pieces
 21046 | Orc:2    | Bought a ration for 60 gold pieces
 21046 | Orc:2    | Bought a ration for 60 gold pieces
 21046 | Orc:2    | Bought a ration for 60 gold pieces
 21046 | Orc:2    | Bought a ration for 60 gold pieces
 21071 | Orc:2    | Bought a scroll of brand weapon for 280 gold pieces
 21075 | Orc:2    | Bought a potion of brilliance for 48 gold pieces
 21075 | Orc:2    | Bought a potion of cancellation for 96 gold pieces
 21078 | Orc:2    | Bought a scroll of blinking for 247 gold pieces
 21078 | Orc:2    | Bought a wand of flame (10) for 33 gold pieces
 21078 | Orc:2    | Bought a potion of curing for 99 gold pieces
 21078 | Orc:2    | Bought a potion of curing for 99 gold pieces
 21080 | Orc:2    | Bought the +8 autumn katana {slice, Clar} for 2052 gold
                  | pieces
 21080 | Orc:2    | Found the +8 autumn katana {slice, Clar}
 21273 | D:11     | Got a warped steel amulet
 21293 | D:11     | Killed Erica
 21378 | D:11     | Noticed Maurice
 21388 | D:11     | Killed Maurice
 21422 | D:11     | Bought a scroll of fog for 26 gold pieces
 21422 | D:11     | Bought a scroll of magic mapping for 45 gold pieces
 21422 | D:11     | Bought a scroll of identify for 26 gold pieces
 21422 | D:11     | Bought a scroll of identify for 26 gold pieces
 21422 | D:11     | Identified the amulet "Xyokh" {Spirit rC+} (You found it on
                  | level 11 of the Dungeon)
 21826 | D:12     | Noticed Kirke
 21873 | D:12     | Killed Kirke
 22386 | D:13     | Noticed Snorg
 22422 | D:13     | Noticed Azrael
 22466 | D:13     | Found a gate leading to a gauntlet.
 22486 | Gauntlet | Entered a Gauntlet
 22486 | Gauntlet | Found a transporter.
 22486 | Gauntlet | Found a transporter.
 22486 | Gauntlet | Found a transporter.
 22491 | Gauntlet | Found a transporter.
 22492 | Gauntlet | Found a transporter.
 22501 | Gauntlet | Found a transporter.
 22503 | Gauntlet | Found a transporter.
 22503 | Gauntlet | Found a transporter.
 22505 | Gauntlet | Found a transporter.
 22515 | Gauntlet | Found a transporter.
 22619 | Gauntlet | Found a transporter.
 22633 | Gauntlet | Found a transporter.
 22780 | Gauntlet | Reached skill level 10 in Spellcasting
 23137 | Gauntlet | Identified the Volume of Cold and Slavery
 23340 | D:13     | Killed Snorg
 24107 | D:13     | Killed Azrael
 24107 | D:13     | Reached XP level 16. HP: 27/110 MP: 8/30
 24383 | D:14     | Found a shadowy altar of Dithmenos.
 24505 | D:13     | Learned a level 3 spell: Tukima's Dance
 25159 | D:13     | Reached skill level 10 in Earth Magic
 25195 | D:14     | Found a gate to the Vaults.
 25241 | D:14     | Found a glowing silver altar of Zin.
 25340 | D:14     | Noticed Frances
 25467 | D:14     | Found a runed translucent door.
 25482 | D:14     | Found a runed translucent door.
 25492 | D:14     | Found a gateway to a bazaar.
 25494 | D:14     | Found a runed translucent door.
 25512 | Bazaar   | Entered a bazaar
 25512 | Bazaar   | Found Fahyxkyi's Gadget Shoppe.
 25512 | Bazaar   | Found Fusomin's Book Emporium.
 25516 | Bazaar   | Found Kytouf's Distillery.
 25522 | Bazaar   | Bought a potion of heal wounds for 65 gold pieces
 25522 | Bazaar   | Bought a potion of heal wounds for 65 gold pieces
 25522 | Bazaar   | Bought a potion of haste for 130 gold pieces
 25526 | Bazaar   | Bought a book of Callings for 300 gold pieces
 25526 | Bazaar   | Bought a book of Minor Magic for 200 gold pieces
 25529 | Bazaar   | Learned a level 2 spell: Blink
 25533 | Bazaar   | Learned a level 3 spell: Mephitic Cloud
 25538 | Bazaar   | Learned a level 4 spell: Summon Lightning Spire
 25540 | Bazaar   | Found Plog's Gadget Shoppe.
 25548 | Bazaar   | Bought a lightning rod (4/4) for 360 gold pieces
 25548 | Bazaar   | Bought a wand of clouds (5) for 243 gold pieces
 25548 | Bazaar   | Bought a box of beasts for 180 gold pieces
 25548 | Bazaar   | Bought a wand of iceblast (12) for 144 gold pieces
 25548 | Bazaar   | Bought a wand of flame (26) for 126 gold pieces
 25572 | D:14     | Found a runed translucent door.
 25613 | D:15     | Entered Level 15 of the Dungeon
 25918 | D:15     | Reached skill level 1 in Summonings
 25918 | D:15     | Reached skill level 1 in Translocations
 25918 | D:15     | Reached skill level 1 in Air Magic
 26108 | D:15     | Found a staircase to the Depths.
 26188 | D:15     | Found a runed translucent door.
 26188 | D:15     | Noticed Picuhut's ghost (journeyman GrFi)
 26324 | Lair:1   | Learned a level 3 spell: Conjure Flame
 26382 | Snake:1  | Entered Level 1 of the Snake Pit
 26828 | Shoals:1 | Entered Level 1 of the Shoals
 27625 | Shoals:2 | Noticed Jorgrun
 27926 | Shoals:2 | Reached skill level 5 in Air Magic
 27988 | Shoals:2 | Reached skill level 5 in Summonings
 28220 | Shoals:2 | Noticed Polyphemus
 28463 | Shoals:2 | Killed Jorgrun
 28463 | Shoals:2 | Reached XP level 17. HP: 82/116 MP: 31/31
 28495 | Shoals:2 | Reached skill level 13 in Stealth
 28763 | Shoals:2 | Killed Polyphemus
 28884 | Shoals:3 | Found a flickering gateway to a bazaar.
 28940 | Bazaar   | Entered a bazaar
 28941 | Bazaar   | Found Umoiritryo's Armour Boutique.
 28941 | Bazaar   | Found Caddedis's Gadget Shop.
 28942 | Bazaar   | Found Zixelan's Gadget Emporium.
 28951 | Bazaar   | Found Ewecono's Weapon Emporium.
 28981 | Bazaar   | Bought a wand of paralysis (7) for 117 gold pieces
 28981 | Bazaar   | Bought a wand of iceblast (10) for 182 gold pieces
 29463 | Shoals:3 | Noticed a kraken
 29914 | Shoals:3 | Killed a kraken
 29958 | Shoals:4 | Entered Level 4 of the Shoals
 30017 | Shoals:4 | Found Mylit's Jewellery Shoppe.
 30054 | Shoals:4 | Noticed Ilsuiw
 30093 | Shoals:4 | Reached skill level 5 in Shields
 30174 | Shoals:4 | HP: 4/175 [harpy (7)]
 30477 | Shoals:4 | Noticed a kraken
 30565 | Shoals:4 | Killed a kraken
 30565 | Shoals:4 | Reached skill level 14 in Stealth
 32263 | Shoals:4 | Killed Ilsuiw
 32263 | Shoals:4 | Reached skill level 15 in Stealth
 32446 | Shoals:4 | Got a barnacled rune of Zot
 32755 | Shoals:4 | Reached XP level 18. HP: 108/124 MP: 33/33
 32905 | Shoals:4 | Bought the ring "Xosmeixe" {rElec rC+ Str+4 SInv} for 577
                  | gold pieces
 32906 | Shoals:4 | Bought a cursed -4 ring of evasion for 26 gold pieces
 32906 | Shoals:4 | Bought the ring of Fukef {+Inv Str+2 Int-3 Dex+3} for 279
                  | gold pieces
 33008 | Lair:1   | Learned a level 6 spell: Freezing Cloud
 33200 | Snake:1  | Reached skill level 1 in Poison Magic
 33257 | Snake:1  | Reached skill level 1 in Ice Magic
 33303 | Snake:1  | Noticed Louise
 33328 | Snake:1  | Killed Louise
 33626 | Snake:1  | Noticed Agnes
 33659 | Snake:1  | Killed Agnes
 33725 | Snake:1  | Noticed Aizul
 34327 | Snake:2  | Reached skill level 5 in Ice Magic
 34579 | Elf:1    | Entered Level 1 of the Elven Halls
 34984 | Elf:1    | Identified the Volume of Illusion
 35035 | Elf:1    | You fall into a shaft and drop 1 floor!
 35038 | Elf:2    | Found a runed translucent gate.
 35038 | Elf:2    | Found a runed translucent gate.
 35038 | Elf:2    | Found a runed translucent gate.
 35113 | Elf:2    | Found a frozen archway.
 35117 | IceCv    | Entered an ice cave
 35280 | IceCv    | Gained mutation: You are clumsy. (Dex -2) [mutagenic glow]
 35612 | IceCv    | Noticed an Ice Fiend
 35619 | IceCv    | HP: 4/124 [Ice Fiend (7)]
 35619 | IceCv    | Slain by an Ice Fiend

Levels and vault maps discovered:
D:1:      onia_arrival_mini_spirals, layout_basic, minmay_pentomino_v2
D:2:      layout_basic, lemuel_crystal_altar, serial_rivers,
          chequers_serial_rivers_micro_c, chequers_serial_rivers_micro_a,
          chequers_serial_rivers_micro_d, chequers_serial_rivers_micro_d,
          chequers_serial_rivers_micro_c
D:3:      layout_basic, trog_three_pillars_becter, uniq_natasha
D:4:      layout_loops_ring, minmay_temple_entry_steel_oval, serial_shops,
          nicolae_shop_behind_doors, serial_bayou_ford_a, trog_hazing_becter,
          uniq_menkaure, uniq_edmund, uniq_crazy_yiuf_cottage
D:5:      layout_basic, okawaru_metal_pillars_1_2,
          gammafunk_temple_overflow_elements, first_ration
D:6:      layout_rooms, ebering_ghost_gozag, kennysheep_generic_room_11,
          uniq_prince_ribbit1
D:7:      layout_cave_pods, serial_shops, shop, biasface_ghost_orc_armoury
D:8:      layout_basic
D:9:      layout_loops_ring, kennysheep_mini, marbit_many_paths
D:10:     minmay_the_grid_octo_triangle [minmay_the_grid_octo_checkered,
          minmay_the_grid_octo_prize_big_c, minmay_the_grid_octo_77],
          layout_long_grid, erik_lair_orcish_takeover, hangedman_ranch
          [blue_anna_fruit_fields], mrwooster_statue_mirror,
          nrook_pool_corridor, uniq_fannar
D:11:     minmay_mutant_horseshoe, layout_rooms, serial_shops, shop_statue,
          minmay_mirror_moons_of_madness, uniq_erica, uniq_maurice
D:12:     layout_cave_pools, uniq_kirke
D:13:     layout_rooms, gauntlet_entry_generic, serial_bayou_pond_c,
          lightli_wizard_tower, uniq_azrael, uniq_snorg
D:14:     layout_irregular_city, grunt_vaults_entry_tiered, dk_noncrumbling_3,
          serial_shops, bzr_in_the_mist, hangedman_feature_mirror,
          minmay_statue_crystal_thing, uniq_frances
D:15:     grunt_enter_depths_snipers, layout_cave_pools, corexii_hall_statues_i,
          ebering_ghost_reflecting_pool, nicolae_sextant, doesnt_xom_only_xom
Temple:   compressed_dpeg_circular_temple
Lair:1:   layout_small_grid, columned_hall_lemuel, beast_lair_carwin_7,
          uniq_nergalle, uniq_sonja
Lair:2:   layout_gridlike, minmay_shoals_entry_beasts
Lair:3:   layout_regular_city, guppyfry_snake_entry_garden,
          gammafunk_ghost_berserking_beasts
Lair:4:   lemuel_reptile_caves, layout_big_grid
Lair:5:   layout_hall_layers, nicolae_slime_entry_slimehenge,
          guppyfry_lair_drakes
Lair:6:   hangedman_lair_in_review, layout_gridlike, kennysheep_snail_temple
Shoals:1: layout_shoals, yaktaur_hedge
Shoals:2: layout_shoals, kb_tengu_band, uniq_jorgrun, uniq_polyphemus
Shoals:3: layout_shoals, serial_shops, freezing_bzr, st_cyclops
Shoals:4: shoals_end_simple, layout_shoals, shoals_ilsuiw_ice, serial_shops,
          shop_fountains
Snake:1:  layout_onion, uniq_agnes, uniq_aizul, uniq_louise
Snake:2:  layout_basic
Orc:1:    layout_caves
Orc:2:    st_orc_rangers, layout_caves, serial_shops, shop, ebering_ghost_xom,
          uniq_erolcha, uniq_josephine
Elf:1:    eino_elf_arrival_shootout, layout_loops_cross, basic_altar,
          minmay_elf_demonology, nrook_loot_triangle
Elf:2:    layout_loops_cross, portal_ice_cave_entry_pillars_three,
          minmay_fountain_box, corexii_hall_statues_deadend, uniq_donald
IceCv:    ice_cave_tombish

Skill      XL: |  1  2  3  4  5  6  7  8  9 10 11 12 13 14 15 16 17 18 |
---------------+-------------------------------------------------------+-----
Stealth        | 6 7 8 10 11 12 15 | 15.3
Dodging        | 2 3 4 6 8 10 11 12 | 12.1
Short Blades   | 3 4 5 6 7 8 |  8.1
Fighting       | 3 4 5 6 7 9 10 11 | 11.4
Throwing       | 4 5 6 |  6.3
Evocations     | 2 4 5 6 7 |  7.0
Shields        | 1 3 4 6 |  6.3
Spellcasting   | 4 7 8 10 11 | 11.3
Hexes          | 4 5 6 8 |  8.3
Transmutations | 4 6 7 8 |  8.0
Earth Magic    | 4 6 8 9 10 | 10.0
Conjurations   | 3 5 6 7 8 |  8.0
Summonings     | 5 6 |  6.0
Translocations | 3 |  3.0
Air Magic      | 5 |  5.0
Poison Magic   | 2 |  2.2
Ice Magic      | 9 |  9.4

Action                   |  1- 3 |  4- 6 |  7- 9 | 10-12 | 13-15 | 16-18 || total
-------------------------+-------+-------+-------+-------+-------+-------++-------
Melee: Dagger            |    50 |   103 |   296 |   836 |   716 |       ||  2001
       Constrict         |     9 |    18 |    52 |    73 |   133 |   178 ||   463
       Tentacles         |     6 |    19 |    67 |   210 |   285 |   262 ||   849
       Staff             |       |       |       |     7 |       |       ||     7
       Short sword       |       |       |       |       |   413 |   959 ||  1372
 Fire: Shortbow          |       |       |    25 |       |       |       ||    25
       Hunting sling     |       |       |       |     1 |       |       ||     1
Throw: Dart              |    20 |    57 |    73 |     4 |    16 |     5 ||   175
       Boomerang         |       |       |    73 |   174 |   216 |   122 ||   585
       Stone             |       |       |     2 |       |       |       ||     2
       Throwing net      |       |       |       |     2 |       |       ||     2
       Javelin           |       |       |       |       |       |    17 ||    17
 Cast: Confusing Touch   |       |       |       |    28 |   145 |   104 ||   277
       Petrify           |       |       |       |       |   152 |   139 ||   291
       Confuse           |       |       |       |       |    57 |    28 ||    85
       Tukima's Dance    |       |       |       |       |       |     6 ||     6
       Summon Lightning  |       |       |       |       |       |    16 ||    16
       Irradiate         |       |       |       |       |       |    12 ||    12
       Mephitic Cloud    |       |       |       |       |       |    44 ||    44
       Conjure Flame     |       |       |       |       |       |     1 ||     1
Invok: Potion Petition   |       |       |       |       |       |     2 ||     2
Evoke: Wand              |       |       |     5 |    30 |    43 |   118 ||   196
       Lamp of fire      |       |       |       |     2 |       |       ||     2
       Sack of spiders   |       |       |       |       |     1 |       ||     1
       Staff of energy   |       |       |       |       |       |     9 ||     9
  Use: Scroll            |       |     2 |    19 |     6 |    17 |     7 ||    51
       Potion            |       |       |     1 |     4 |     9 |     4 ||    18
 Stab: Sleeping          |    22 |     4 |    17 |    18 |    43 |    42 ||   146
       Distracted        |       |       |     2 |     4 |     5 |     1 ||    12
       Confused          |       |       |       |    21 |   123 |    82 ||   226
       Held in net/web   |       |       |       |     1 |       |       ||     1
       Petrified         |       |       |       |       |   120 |   111 ||   231
       Petrifying        |       |       |       |       |     8 |     9 ||    17
       Paralysed         |       |       |       |       |     5 |     7 ||    12
       Betrayed ally     |       |       |       |       |       |     1 ||     1
  Eat: Chunk             |       |     5 |       |       |       |       ||     5
       Ration            |       |       |     4 |     8 |    16 |    16 ||    44
Armor: Skin              |       |     1 |    16 |    50 |    63 |    39 ||   169
Dodge: Dodged            |    13 |    48 |   156 |   313 |   496 |   464 ||  1490
Block: Buckler           |       |       |     8 |   188 |   270 |   204 ||   670

Table legend:
 A = Non-vault XP
 B = Vault XP
 C = Vault XP percentage of total XP
 D = Non-vault monster count
 E = Vault monster count
 F = Vault count percentage of total count
                 A         B        C        D         E       F
            +---------+---------+-------+---------+---------+-------
      Total |  165297 |  129747 |  44.0 |     733 |     338 |  31.6
            +---------+---------+-------+---------+---------+-------
        D:1 |      53 |       3 |   5.4 |      30 |       2 |   6.2
        D:2 |     220 |       0 |   0.0 |      29 |       0 |   0.0
        D:3 |     152 |      35 |  18.7 |      20 |       1 |   4.8
        D:4 |     569 |     386 |  40.4 |      15 |       9 |  37.5
        D:5 |     565 |       0 |   0.0 |      25 |       0 |   0.0
        D:6 |    1004 |     685 |  40.6 |      28 |       4 |  12.5
        D:7 |     724 |       0 |   0.0 |      26 |       0 |   0.0
        D:8 |    1151 |       0 |   0.0 |      23 |       0 |   0.0
        D:9 |    3901 |      79 |   2.0 |      31 |       2 |   6.1
       D:10 |    4663 |    6189 |  57.0 |      42 |      27 |  39.1
       D:11 |    2239 |    5255 |  70.1 |      20 |      12 |  37.5
       D:12 |    4657 |    3245 |  41.1 |      19 |       6 |  24.0
       D:13 |    8335 |    5694 |  40.6 |      39 |      10 |  20.4
       D:14 |    2106 |    7102 |  77.1 |      17 |      25 |  59.5
       D:15 |    4931 |    2273 |  31.6 |      13 |       3 |  18.8
     Lair:1 |    2018 |    3884 |  65.8 |      11 |       9 |  45.0
     Lair:2 |    5431 |     791 |  12.7 |      23 |       2 |   8.0
     Lair:3 |    3433 |    3654 |  51.6 |       6 |       8 |  57.1
     Lair:4 |   13422 |    2342 |  14.9 |      49 |      32 |  39.5
     Lair:5 |    3012 |    1769 |  37.0 |      13 |      11 |  45.8
     Lair:6 |   13415 |   10894 |  44.8 |      36 |      23 |  39.0
   Shoals:1 |   11941 |     394 |   3.2 |      25 |       1 |   3.8
   Shoals:2 |   14256 |    9199 |  39.2 |      31 |       7 |  18.4
   Shoals:3 |    7030 |    3629 |  34.0 |      10 |       7 |  41.2
   Shoals:4 |   21449 |   27495 |  56.2 |      42 |      41 |  49.4
    Snake:1 |   10516 |    2767 |  20.8 |      20 |       2 |   9.1
    Snake:2 |    5277 |       0 |   0.0 |      10 |       0 |   0.0
      Orc:1 |    1178 |     775 |  39.7 |      18 |       4 |  18.2
      Orc:2 |    3593 |    9462 |  72.5 |      37 |      40 |  51.9
      Elf:1 |   12824 |    7283 |  36.2 |      23 |      13 |  36.1
      Elf:2 |    1232 |    1799 |  59.4 |       2 |       2 |  50.0
      IceCv |       0 |    7330 | 100.0 |       0 |      26 | 100.0
   Gauntlet |       0 |    5334 | 100.0 |       0 |       9 | 100.0
            +---------+---------+-------+---------+---------+-------
